 Dungeon Crawl Stone Soup version 0.30-a0-949-g53dc5368d7 (webtiles) character file.

Game seed: 10576398847173714787

241 cheesebisquit the Shooter (level 5, 0/42 HPs)
             Began as a Minotaur Hunter on Mar 27, 2023.
             Slain by an orc priest
             ... wielding a +0 war axe
              (6 damage)
             ... on level 3 of the Dungeon.
             The game lasted 00:06:04 (2645 turns).

cheesebisquit the Shooter (Minotaur Hunter)         Turns: 2645, Time: 00:06:05

Health: 0/42       AC:  3    Str: 15    XL:     5   Next: 80%
Magic:  4/4        EV:  9    Int:  6    God:
Gold:   142        SH:  0    Dex: 16    Spells: 4/4 levels left

rFire   + . .      SeeInvis .    a - +0 shortbow
rCold   + . .      Faith    .    (shield currently unavailable)
rNeg    . . .      Spirit   .    c - +0 leather armour
rPois   +          Reflect  .    (helmet restricted)
rElec   .          Rampage  .    t - scarf {rC+ rF+}
rCorr   .                        (no gloves)
Will    +....                    (no boots)
Stlth   +                        (no amulet)
HPRegen 0.27/turn                h - ring of poison resistance
MPRegen 0.09/turn                k - ring of willpower

@: constricted
A: horns 2, retaliatory headbutt
a: no special abilities


You were on level 3 of the Dungeon.
You visited 1 branch of the dungeon, and saw 4 of its levels.

You collected 142 gold pieces.

Inventory:

Hand Weapons
 a - a +0 shortbow (weapon)
Missiles
 v - 6 javelins
Armour
 c - a +0 leather armour (worn)
 o - a +2 chain mail of willpower
 t - a scarf of resistance (worn)
Jewellery
 h - a ring of poison resistance (left hand)
 k - a ring of willpower (right hand)
Wands
 n - a wand of digging (12)
Scrolls
 b - 2 scrolls of immolation
 d - 2 scrolls of identify {unknown}
 e - 2 scrolls of fear {unknown}
 f - 6 scrolls of teleportation {unknown}
 g - a scroll of torment {unknown}
 j - 2 scrolls of noise {unknown}
 s - 2 scrolls of magic mapping {unknown}
Potions
 i - a potion of lignification {unknown}
 l - 2 potions of curing
 m - a potion of resistance {unknown}
 p - a potion of degeneration {unknown}
 q - a potion of flight {unknown}
 r - 2 potions of attraction {unknown}
 u - a potion of berserk rage {unknown}


   Skills:
 - Level 2.4 Fighting
 + Level 7.8 Ranged Weapons
 - Level 2.1 Dodging
 - Level 0.7 Stealth


You had 4 spell levels left.
You didn't know any spells.
Your spell library contained the following spells:

 Spells                   Type           Power      Damage    Failure   Level
 Beastly Appendage        Tmut           0%         N/A       52%         1
 Magic Dart               Conj           0%         1d3       52%         1
 Searing Ray              Conj           0%         2d4       67%         2
 Wereblood                Tmut           0%         N/A       67%         2
 Spider Form              Tmut/Pois      0%         N/A       88%         3
 Fulminant Prism          Conj/Hex       0%         3d5       99%         4


Dungeon Overview and Level Annotations

Branches:
Dungeon (4/15)
 Temple: D:4-7

Altars:
Fedhas

Shops:
D:1 (


Innate Abilities, Weirdness & Mutations

You have a pair of horns on your head.
You reflexively headbutt those who attack you in melee.


Message History

Pain shoots through your body! The ball python misses you.
You furiously retaliate!
You headbutt the ball python, but do no damage.
The ball python barely misses you.
You are too injured to fight recklessly!
The ball python bites you.
* * * LOW HITPOINT WARNING * * *
The ball python closely misses you. The orc priest barely misses you.
The ball python barely misses you. The ball python completely misses you.
You climb upwards.
There is a stone staircase leading down, spattered with blood here.
Okay, then.
You shoot an arrow. The arrow hits the orc priest.
The orc priest is almost dead.
The orc priest barely misses you. You furiously retaliate!
You headbutt the orc priest.
The ball python bites you but does no damage.
The ball python grabs you. The ball python constricts you.
The orc priest barely misses you.
You shoot an arrow.
The arrow hits the orc priest but does no damage.
The orc priest is almost dead.
The ball python bites you.
* * * LOW HITPOINT WARNING * * *
The ball python constricts you.
The orc priest hits you but does no damage.
You shoot an arrow.
The arrow hits the orc priest but does no damage.
The orc priest is almost dead.
The ball python bites you.
* * * LOW HITPOINT WARNING * * *
The ball python constricts you.
* * * LOW HITPOINT WARNING * * *
The orc priest hits you with a +0 war axe!
* * * LOW HITPOINT WARNING * * *
It was a potion of curing.
You feel better.
The ball python bites you but does no damage.
The ball python constricts you.
The orc priest hits you with a +0 war axe.
You die...

#......# #.# #..# #.#
###....# #.###..# #.#
#....# #......######.# ##
######..######............#
.#
#..........###.#.##########
.# #....#####..#..#.# .#
#....# ##.#.##.# .#
#....######..†##.# .#
#..........o@S##.##### .#
#....######..........# .#
##....................# .#
#.....................#
.###.#............)......#
.#<..............#########
.###.............#
...#.............#
...#..######.....#


You could see an orc priest and a ball python.

Vanquished Creatures
  Jessica (D:3)
  Terence (D:2)
  An iguana (D:3)
  8 adders
  3 worms
  5 dart slugs
  2 orcs (D:4)
  5 ball pythons
  2 endoplasms
  2 giant cockroaches
  9 goblins
  5 hobgoblins
  4 jackals (D:2)
  A quokka (D:3)
  6 bats
  3 frilled lizards
  9 kobolds
  10 rats
77 creatures vanquished.

Vanquished Creatures (others)
  2 plants
2 creatures vanquished.

Grand Total: 79 creatures vanquished

Notes
Turn   | Place    | Note
-------+----------+-------------------------------------------
     0 | D:1      | cheesebisquit the Minotaur Hunter began the quest for the
                  | Orb.
     0 | D:1      | Reached XP level 1. HP: 18/18 MP: 0/0
   109 | D:1      | Reached XP level 2. HP: 25/25 MP: 1/1
   124 | D:1      | You fall into a shaft and drop 1 floor!
   148 | D:1      | Reached skill level 5 in Ranged Weapons
   267 | D:1      | Found Ubrije's Weapon Emporium.
   566 | D:2      | Noticed Terence
   571 | D:2      | Killed Terence
   572 | D:2      | Reached XP level 3. HP: 30/30 MP: 2/2
   747 | D:2      | Reached skill level 6 in Ranged Weapons
   902 | D:2      | Reached XP level 4. HP: 31/37 MP: 3/3
  1635 | D:3      | Noticed Jessica
  1643 | D:3      | Killed Jessica
  1807 | D:3      | Reached skill level 7 in Ranged Weapons
  1807 | D:3      | Reached XP level 5. HP: 42/42 MP: 4/4
  2449 | D:4      | Found a blossoming altar of Fedhas.
  2644 | D:3      | HP: 1/42 [orc priest/+0 war axe (8)]
  2645 | D:3      | Slain by an orc priest

Illustrated notes

Levels and vault maps discovered:
D:1:      dpeg_arrival_ratfight, layout_basic, serial_shops, shop,
          minmay_misc_feat_alley, grunt_decor_mini_mirrors
D:2:      layout_basic, serial_forest, infiniplex_forest_clump_double,
          infiniplex_forest_3_way, infiniplex_forest_diagonal,
          infiniplex_forest_clump_C, infiniplex_forest_lined_4_way, uniq_terence
D:3:      layout_basic, minmay_quantized, uniq_jessica
D:4:      layout_basic, fedhas_altar_1, gammafunk_ghost_mausoleum, uniq_sigmund

Skill      XL: |  1  2  3  4 |
---------------+-------------+-----
Ranged Weapons | 5 6 7 |  7.8
Fighting       | |  2.4
Dodging        | |  2.1
Stealth        | |  0.7

Action                     |  1- 3 |  4- 6 || total
---------------------------+-------+-------++-------
   Fire: Shortbow          |    74 |   124 ||   198
    Use: Potion            |       |     1 ||     1
 Armour: Leather armour    |     5 |    16 ||    21
  Dodge: Dodged            |     9 |    36 ||    45

Table legend: (Time is in decaauts)
 A = Elapsed time spent in this place.
 B = Non-inter-level travel time spent in this place.
 C = Inter-level travel time spent in this place.
 D = Time resting spent in this place.
 E = Time spent auto-exploring this place.
 F = Levels seen in this place.
 G = Mean time per level.
                   A        B        C        D        E       F      G
               +--------+--------+--------+--------+--------+-----+--------+
         Total |   2687 |   2565 |    122 |    107 |   2020 |   4 |  671.8 |
       Dungeon |   2687 |   2565 |    122 |    107 |   2020 |   4 |  671.8 |
               +--------+--------+--------+--------+--------+-----+--------+

Top non-repeatable levels by time:
     D:2: 1110 daAuts
     D:3: 906 daAuts
     D:1: 546 daAuts
     D:4: 123 daAuts
